 Dungeon Crawl Stone Soup version 0.29-a0-506-ga2e7fffb44 (webtiles) character file.

Game seed: 5141405498210826030

97 porpoise the Skirmisher (level 4, -1/29 HPs)
             Began as a Tengu Warper on May 28, 2022.
             Slain by an iguana (9 damage)
             ... on level 4 of the Dungeon.
             The game lasted 00:05:40 (2903 turns).

porpoise the Skirmisher (Tengu Warper)              Turns: 2903, Time: 00:05:41

Health: -1/29      AC:  3    Str: 13    XL:     4   Next: 68%
Magic:  8/8        EV: 12    Int: 14    God:
Gold:   99         SH:  0    Dex: 13    Spells: 5/7 levels left

rFire   . . .      SeeInvis .   a - +0 spear
rCold   . . .      Faith    .   (no shield)
rNeg    . . .      Spirit   .   b - +0 leather armour
rPois   .          Reflect  .   (helmet restricted)
rElec   .          Harm     .   (no cloak)
rCorr   .          Rampage  .   (no gloves)
Will    .....                   (boots unavailable)
Stlth   ++........              (no amulet)
HPRegen 0.09/turn               (no ring)
MPRegen 0.11/turn               (no ring)

@: no status effects
A: beak, talons 3
a: no special abilities


You were on level 4 of the Dungeon.
You visited 1 branch of the dungeon, and saw 4 of its levels.

You collected 99 gold pieces.

Inventory:

Hand Weapons
 a - a +0 spear (weapon)
Missiles
 d - 7 boomerangs of dispersal (quivered)
 n - 3 poisoned darts
Armour
 b - a +0 leather armour (worn)
Scrolls
 c - 2 scrolls of blinking
 e - a scroll of immolation {unknown}
 f - a scroll of noise
 g - a scroll of vulnerability {unknown}
 h - a scroll of fog
 k - a scroll of teleportation
 m - a scroll of magic mapping
Potions
 i - a potion of flight
 l - 3 potions of lignification
 o - a potion of brilliance
 p - a potion of degeneration {unknown}


   Skills:
 * Level 4.0 Fighting
 - Level 2.1 Polearms
 - Level 1.0 Throwing
 - Level 1.1 Armour
 - Level 2.1 Dodging
 + Level 2.4 Stealth
 - Level 2.0 Spellcasting
 - Level 2.4 Translocations


You had 5 spell levels left.
You knew the following spells:

 Your Spells              Type           Power      Damage    Failure   Level
k - Blink                 Tloc           16%        N/A       17%         2

Your spell library contained the following spells:

 Spells                   Type           Power      Damage    Failure   Level
 Gell's Gravitas          Tloc           8%         N/A       34%         3
 Lesser Beckoning         Tloc           8%         N/A       34%         3
 Teleport Other           Tloc           8%         N/A       34%         3
 Portal Projectile        Hex/Tloc       8%         N/A       50%         3
 Call Canine Familiar     Summ           1%         N/A       65%         3
 Leda's Liquefaction      Hex/Erth       0%         N/A       96%         4
 Manifold Assault         Tloc           8%         N/A       97%         5


Dungeon Overview and Level Annotations

Branches:
Dungeon (4/15)
 Temple: D:4-7

Altars:

Annotations:
D:2 Sigmund


Innate Abilities, Weirdness & Mutations

You have a beak for a mouth.
You have claws for feet.


Message History

You climb upwards.
There is a stone staircase leading down, spattered with blood here.
Your surroundings suddenly seem different.
(D) Dungeon
Where to? (Enter - D:4, ? - help)
There is a stone staircase leading down, spattered with blood here.
You climb downwards.
You hear the sound of rushing water.
There is an entrance to a sewer on this level.
Hurry and find it before the portal rusts away!
A goblin comes into view. It is wielding a +0 club.
There is a stone staircase leading up here.
Okay, then.
Okay, then.
You miss the goblin. You claw the goblin. You peck the goblin.
You kill the goblin!
No target in view!
As you read the scroll labelled LEXEHA BOTRYAM, it crumbles to dust.
You feel aware of your surroundings.
You sensed 1 shop/portal.
It was a scroll of magic mapping.
Unknown command.
You see here a +0 ring mail.
An iguana comes into view.
Found 2 black potions.
The iguana hisses angrily.
You reach to attack!
You hit the iguana but do no damage. You hit the iguana.
The iguana is moderately wounded.
The iguana bites you!
You barely miss the iguana. Your kick misses the iguana.
You peck the iguana, but do no damage.
The iguana is moderately wounded.
The iguana closely misses you.
You hit the iguana but do no damage.
The iguana is moderately wounded.
The iguana bites you!
* * * LOW HITPOINT WARNING * * *
You hit the iguana. You claw the iguana, but do no damage.
The iguana is moderately wounded.
The iguana bites you!
You die...

,**,** *,,*,* *,*
,,,,* #..#.# *,*
**,,* *#.!#.# *,*
,*#,* **.....#****,*
,,#.* *,#....,,,,,,*
,##.#* **....,*******
**...### *#..#,*
,,,*#).### #l.#,*
,***,#...#######@.#.#
,,*,*#........[.....#
**,**#..<####.....###
**#......)..#.....#
#..)............#
#.........#.....#
####...####.....#
*****#...#**###.###
,,,,,.....,,,,..#


You could see an iguana.

Vanquished Creatures
  Jessica (D:3)
  4 adders
  3 dart slugs (D:1)
  An orc (D:3)
  4 endoplasms
  2 giant cockroaches (D:3)
  3 kobolds
  A quokka (D:1)
  3 bats
  A frilled lizard (D:1)
  5 goblins
  2 rats
30 creatures vanquished.

Notes
Turn   | Place    | Note
-------+----------+-------------------------------------------
     0 | D:1      | porpoise the Tengu Warper began the quest for the Orb.
     0 | D:1      | Reached XP level 1. HP: 12/12 MP: 4/4
   200 | D:1      | Reached XP level 2. HP: 13/18 MP: 6/6
   381 | D:1      | Learned a level 2 spell: Blink
   494 | D:1      | Reached skill level 1 in Stealth
   587 | D:1      | Found a faded altar of an unknown god.
   859 | D:2      | Reached skill level 3 in Fighting
   859 | D:2      | Reached XP level 3. HP: 21/23 MP: 7/7
   886 | D:2      | Noticed Sigmund
  2081 | D:3      | Noticed Jessica
  2090 | D:3      | Killed Jessica
  2091 | D:3      | Reached XP level 4. HP: 22/29 MP: 8/8
  2794 | D:3      | Reached skill level 4 in Fighting
  2903 | D:4      | Slain by an iguana

Illustrated notes

Levels and vault maps discovered:
D:1:      wander_arrival_peaceful_grave, layout_loops_cross,
          shapermc_ecumenical_altar_mp_urbaneastern, minmay_heptomino_o4
D:2:      layout_basic, serial_glass, glass_columns_b, glass_columns_a,
          chequers_serial_rivers_large_a, uniq_sigmund
D:3:      layout_basic, hangedman_abyss_or_decor_stabs, uniq_jessica
D:4:      cheibrodos_greedy_goblins, layout_loops_ring, portal_sewer_entry_b,
          uniq_natasha

Skill      XL: |  1  2  3  4 |
---------------+-------------+-----
Stealth        | 1 2 |  2.4
Fighting       | 3 4 |  4.0
Polearms       | |  2.1
Throwing       | |  1.0
Armour         | |  1.1
Dodging        | |  2.1
Spellcasting   | |  2.0
Translocations | |  2.4

Action                   |  1- 3 |  4- 6 || total
-------------------------+-------+-------++-------
Melee: Spear             |    76 |    26 ||   102
       Kick              |    15 |     4 ||    19
       Peck              |     3 |     4 ||     7
  Use: Scroll            |       |     7 ||     7
 Stab: Sleeping          |     2 |       ||     2
Armor: Leather armour    |    11 |     3 ||    14
Dodge: Dodged            |    36 |    17 ||    53

Table legend: (Time is in decaauts)
 A = Elapsed time spent in this place.
 B = Non-inter-level travel time spent in this place.
 C = Inter-level travel time spent in this place.
 D = Time resting spent in this place.
 E = Time spent auto-exploring this place.
 F = Levels seen in this place.
 G = Mean time per level.
                   A        B        C        D        E       F      G
               +--------+--------+--------+--------+--------+-----+--------+
         Total |   2904 |   2803 |    101 |   1137 |   1344 |   4 |  726.0 |
       Dungeon |   2904 |   2803 |    101 |   1137 |   1344 |   4 |  726.0 |
               +--------+--------+--------+--------+--------+-----+--------+

Top non-repeatable levels by time:
     D:3: 1687 daAuts
     D:1: 1059 daAuts
     D:2: 121 daAuts
     D:4: 35 daAuts
